 Dungeon Crawl Stone Soup version 0.27-a0-1219-g958d993ae5 (webtiles) character file.

Game seed: 17030909812857492397

48 bobarctor the Grave Robber (level 3, 0/19 HPs)
             Began as a Deep Elf Necromancer on June 7, 2021.
             Killed by divine providence
             ... invoked by an orc priest
              (9 damage)
             ... on level 3 of the Dungeon.
             The game lasted 00:05:45 (1773 turns).

bobarctor the Grave Robber (Deep Elf Necromancer)   Turns: 1773, Time: 00:05:45

Health: 0/19       AC:  3    Str:  5    XL:     3   Next: 50%
Magic:  9/10       EV: 12    Int: 20    God:
Gold:   68         SH:  0    Dex: 15    Spells: 5/10 levels left

rFire    . . .     SeeInvis .   c - +0 club
rCold    . . .     Faith    .   (no shield)
rNeg     . . .     Spirit   .   a - +0 robe
rPois    .         Reflect  .   j - +0 helmet
rElec    .         Harm     .   (no cloak)
rCorr    .         Rampage  .   (no gloves)
Will     .....                  (no boots)
Stlth    ++........             (no amulet)
HPRegen  0.06/turn              (no ring)
MPRegen  0.12/turn              (no ring)

@: no status effects
A: no striking features
a: no special abilities


You were on level 3 of the Dungeon.
You visited 1 branch of the dungeon, and saw 3 of its levels.

You collected 68 gold pieces.

Inventory:

Hand Weapons
 c - a +0 club (weapon)
Missiles
 f - 29 stones
 h - 21 bolts
Armour
 a - a +0 robe (worn)
 j - a +0 helmet (worn)
Scrolls
 d - 4 scrolls of teleportation {unknown}
 e - a scroll of immolation {unknown}
 g - a scroll of summoning {unknown}
 i - a scroll of identify {unknown}
Potions
 b - a potion of heal wounds {unknown}
 k - 2 potions of magic {unknown}
 l - a potion of invisibility {unknown}


   Skills:
 + Level 2.5 Dodging
 + Level 2.5 Stealth
 * Level 4.2 Spellcasting
 + Level 5.7 Necromancy


You had 5 spell levels left.
You knew the following spells:

 Your Spells              Type           Power      Damage    Failure   Level
a - Pain                  Necr           100%       1d9       1%          1
b - Animate Skeleton      Necr           54%        N/A       1%          1
c - Vampiric Draining     Necr           13%        2d7       3%          3

Your spell library contained the following spells:

 Spells                   Type           Power      Damage    Failure   Level
 Animate Dead             Necr           13%        N/A       12%         4
 Agony                    Necr           27%        N/A       32%         5


Dungeon Overview and Level Annotations

Branches:
Dungeon (2/15)

Altars:
Trog


Message History

l - a bubbling silvery potion
Found a stone staircase leading down.
Found a stone staircase leading up.
There is a stone staircase leading down here.
Found an escape hatch in the floor.
A hobgoblin comes into view.
Found 11 gold pieces.
You fall into a shaft and drop 1 floor!
The shaft crumbles and collapses.
Casting: Pain (safe; 1% risk of failure)
Confirm with . or Enter, or press ? or * to list all spells.
Okay, then.
You open the door.
There is an open door here.
You open the door.
There is an open door here.
You open the door.
There is an open door here.
Found a bloodstained altar of Trog.
Found 17 sling bullets.
An orc priest comes into view. It is wielding a +0 club.
An orc comes into view. It is wielding a +0 mace.
The orc priest shouts!
The orc priest calls down the wrath of Beogh upon you.
Beogh smites you!
Ouch! That really hurt!
You hear a shout!
Casting: Pain (safe; 1% risk of failure)
Confirm with . or Enter, or press ? or * to list all spells.
Aiming: Pain (safe; 1% risk of failure)
Press: ? - help, Shift-Dir - straight line, f - orc priest
Aim: an orc priest, wielding a +0 club (chance to affect: 84%)
The orc priest writhes in agony.
An orc wizard comes into view. It is wielding a +0 dagger.
The orc wizard mumbles some strange words.
The orc wizard flickers and vanishes!
Deactivating autopickup; reactivate with Ctrl-A.
The orc priest calls down the wrath of Beogh upon you.
Beogh smites you!
You die...

....... ##....... .........
#..(..... #........
#.o...... #...o.... ##
#.#+######.... #≈≈....#
#@#+##....$:._ ≈≈≈≈≈≈≈....#
#......# ≈≈≈≈≈≈≈....#
#.....## .....P.....#
#.....####### ............
#...........#
#.##...##..#######.#######.#
.......+..............# #.#
#......###......##.##.# #.#
#....'........##.##.####.#


You could see an orc priest.

Vanquished Creatures
  3 ball pythons (D:1)
  5 bats (D:1)
  3 endoplasms (D:1)
  2 giant cockroaches (D:1)
  5 goblins (D:1)
  8 hobgoblins (D:1)
  5 jackals
  A kobold (D:1)
  3 quokkas (D:1)
  3 frilled lizards (D:1)
38 creatures vanquished.

Notes
Turn   | Place    | Note
-------+----------+-------------------------------------------
     0 | D:1      | bobarctor the Deep Elf Necromancer began the quest for the
                  | Orb.
     0 | D:1      | Reached XP level 1. HP: 10/10 MP: 6/6
    36 | D:1      | Reached skill level 5 in Necromancy
   236 | D:1      | Reached XP level 2. HP: 9/15 MP: 2/8
   417 | D:1      | Learned a level 1 spell: Animate Skeleton
  1063 | D:1      | Reached XP level 3. HP: 18/19 MP: 8/10
  1067 | D:1      | Learned a level 3 spell: Vampiric Draining
  1711 | D:2      | You fall into a shaft and drop 1 floor!
  1761 | D:3      | Found a bloodstained altar of Trog.
  1773 | D:3      | Killed from afar by an orc priest

Illustrated notes

Levels and vault maps discovered:
D:1:      amcnicky_arrival_gap_in_the_tavern_cellar, layout_rooms,
          minmay_bisected
D:2:      layout_basic
D:3:      lemuel_castle_with_subvaults [lemuel_castle_interior_carwin_1],
          layout_basic, trog_book, uniq_robin

Skill      XL: |  1  2  3 |
---------------+----------+-----
Necromancy     | 5 |  5.7
Spellcasting   | 4 |  4.2
Dodging        | |  2.5
Stealth        | |  2.5

Action                   || total
-------------------------++-------
Melee: Club              ||    10
 Cast: Pain              ||    59
Armor: Robe              ||    17
Dodge: Dodged            ||    26

Table legend: (Time is in decaauts)
 A = Elapsed time spent in this place.
 B = Non-inter-level travel time spent in this place.
 C = Inter-level travel time spent in this place.
 D = Time resting spent in this place.
 E = Time spent auto-exploring this place.
 F = Levels seen in this place.
 G = Mean time per level.
                   A        B        C        D        E       F      G
               +--------+--------+--------+--------+--------+-----+--------+
         Total |   1775 |   1754 |     21 |   1042 |    457 |   3 |  591.7 |
       Dungeon |   1775 |   1754 |     21 |   1042 |    457 |   3 |  591.7 |
               +--------+--------+--------+--------+--------+-----+--------+

Top non-repeatable levels by time:
     D:1: 1555 daAuts
     D:2: 157 daAuts
     D:3: 61 daAuts
